 Dungeon Crawl Stone Soup version 0.26-a0-663-g36e8fdb655 (webtiles) character file.

Game seed: 11874454528963591540

91798 jasper the Devastator (level 15, -2/93 HPs)
             Began as a Deep Elf Conjurer on Oct 11, 2020.
             Was a High Priest of Vehumet.
             Hit by a javelin thrown by a minotaur (27 damage)
             ... on level 14 of the Dungeon.
             The game lasted 01:13:08 (33667 turns).

jasper the Devastator (Deep Elf Conjurer)          Turns: 33667, Time: 01:13:09

Health: -2/93      AC: 10    Str:  4    XL:     15   Next: 56%
Magic:  20/42      EV: 19    Int: 37    God:    Vehumet [*****.]
Gold:   402        SH:  0    Dex: 13    Spells: 8/38 levels left

rFire    + . .     SeeInvis +   a - staff of fire
rCold    . . .     Faith    .   (no shield)
rNeg     . . .     Spirit   .   G - +3 leather armour of Cota {*Contam rCorr Int+7 SInv}
rPois    .         Reflect  .   (no helmet)
rElec    .         Harm     .   J - +1 cloak {MR+}
rCorr    +         Rampage  +   (no gloves)
MR       ++...                  Q - +1 pair of boots {rampage}
Stlth    +++.......             X - amulet of magic regeneration
HPRegen  0.25/turn              M - ring of resist corrosion
MPRegen  0.53/turn              O - ring of magical power

@: no status effects
A: no striking features
a: Renounce Religion


You were on level 14 of the Dungeon.
You worshipped Vehumet.
Vehumet was extremely pleased with you.
You visited 4 branches of the dungeon, and saw 23 of its levels.
You visited 1 bazaar.

You collected 2597 gold pieces.
You spent 2195 gold pieces at shops.

Inventory:

Missiles
 f - 471 stones (quivered)
 I - 4 throwing nets
Armour
 z - the +0 robe "Sulo Ven" {rN+ Stlth+}
   (You found it on level 5 of the Dungeon)

   It protects you from negative energy.
   It makes you more stealthy.
 E - a +0 cloak of poison resistance
 G - the +3 leather armour of Cota (worn) {*Contam rCorr Int+7 SInv}
   (You found it on level 8 of the Dungeon)

   It affects your intelligence (+7).
   It lets you see invisible.
   It causes magical contamination when unequipped.
   It provides partial protection from all sources of acid and corrosion.
 J - a +1 cloak of magic resistance (worn)
 Q - a +1 pair of boots of rampaging (worn)
Magical Staves
 a - an uncursed staff of fire (weapon)
Jewellery
 k - an uncursed ring of wizardry
 A - an uncursed ring of poison resistance
 M - a ring of resist corrosion (left hand)
 O - a ring of magical power (right hand)
 P - an uncursed amulet of reflection
 V - an uncursed ring of ice
 X - an amulet of magic regeneration (around neck)
Wands
 r - a wand of paralysis (12)
 x - a wand of polymorph (6)
 C - a wand of acid (6)
 D - a wand of disintegration (5)
 F - a wand of enslavement (9)
 N - a wand of flame (67)
 S - a wand of iceblast (4)
Scrolls
 b - 9 scrolls of teleportation
 d - 4 scrolls of fog
 h - 10 scrolls of remove curse
 m - 4 scrolls of fear
 n - 4 scrolls of enchant weapon
 u - 4 scrolls of enchant armour
 y - a scroll of magic mapping
 L - 2 scrolls of amnesia
 R - 3 scrolls of blinking
Potions
 c - 3 potions of curing
 e - 3 potions of berserk rage
 g - 5 potions of mutation
 j - 6 potions of haste
 l - 5 potions of lignification
 o - 4 potions of flight
 p - a potion of brilliance
 q - 2 potions of cancellation
 s - a potion of resistance
 t - 2 potions of might
 v - a potion of stabbing
 w - 5 potions of heal wounds
 B - 3 potions of ambrosia
 Y - 3 potions of invisibility
 Z - 2 potions of magic
Miscellaneous
 i - a phantom mirror
 H - a box of beasts (3/3)
 K - a phantom mirror
 T - a phial of floods
 U - a tin of tremorstones (3/3)
 W - a condenser vane (2/2)


   Skills:
 - Level 10.4 Fighting
 - Level 14.7 Dodging
 - Level 4.7 Stealth
 - Level 12.0 Spellcasting
 - Level 15.0 Conjurations
 - Level 5.0 Hexes
 - Level 2.0 Translocations
 + Level 13.7 Fire Magic
 - Level 6.0 Evocations


You had 8 spell levels left.
You knew the following spells:

 Your Spells              Type           Power        Failure   Level
a - Magic Dart            Conj           ####         0%          1
b - Searing Ray           Conj           ######       0%          2
c - Blink                 Tloc           N/A          1%          2
d - Fulminant Prism       Conj/Hex       #######...   1%          4
e - Mephitic Cloud        Conj/Pois/Air  ######..     1%          3
f - Iskenderun's Mystic   Conj/Tloc      ######..     1%          4
g - Slow                  Hex            ######..     1%          2
h - Fireball              Conj/Fire      ########..   1%          5
i - Orb of Destruction    Conj           #######...   1%          7

Your spell library contained the following spells:

 Spells                   Type           Power        Failure   Level
 Yara's Violent Unravell  Hex/Tmut       #####.....   9%          5
 Conjure Flame            Conj/Fire      ########     1%          3
 Dazzling Flash           Conj/Hex       ######       1%          3
 Ignite Poison            Fire/Tmut/Pois ######..     1%          3
 Starburst                Conj/Fire      ########..   1%          6
 Animate Skeleton         Necr           ###...       3%          1
 Pain                     Necr           ###.         3%          1
 Call Imp                 Summ           ###.....     4%          2
 Poisonous Vapours        Pois/Air       ###...       4%          2
 Lesser Beckoning         Tloc           #####.....   4%          3
 Teleport Other           Tloc           #####...     4%          3
 Vampiric Draining        Necr           ###.......   10%         3
 Passage of Golubria      Tloc           N/A          14%         4
 Freezing Cloud           Conj/Ice/Air   ######....   16%         6
 Ignition                 Fire           ########..   19%         8
 Animate Dead             Necr           ###.......   30%         4
 Agony                    Necr           ###.....     65%         5


Dungeon Overview and Level Annotations

Branches:
Dungeon (14/15)            Temple (1/1) D:7            Lair (6/6) D:10
 Shoals (0/4) Lair:3        Snake (0/4) Lair:4        Slime (0/5) Lair:6
    Orc (2/2) D:10            Elf (0/3) Orc:2
 Vaults: D:13-14

Altars:
Elyvilon
Gozag
Hepliaklqana
Nemelex Xobeh
Okawaru
Ru
Trog
Vehumet
Wu Jian
Zin
The Shining One
Beogh

Shops:
D:5 }   Orc:2 (([(

Portals:
Trove: D:10 (give 6 scrolls of blinking)

Annotations:
D:4 3 runed translucent doors, tygod's ghost, amateur FeSu
Lair:2 2 transporters, Haxyobbu's ghost, journeyman MiFi


Message History

Confirm with . or Enter, or press ? or * to list all spells.
Aiming: Fireball (safe; 1% risk of failure)
Press: ? - help, Shift-Dir - straight line, f/p - minotaur
Aim: a minotaur, wielding a +0 dagger, wearing a +0 plate armour and quivering 16 javelins (severely wounded)
You feel a surge of power!
The fireball explodes!
The fireball engulfs the minotaur!
The minotaur is almost dead.
The fireball engulfs the yaktaur!!
You kill the yaktaur!
Vehumet accepts your kill.
You feel your power returning.
The yaktaur unwields a +5 vampiric rapier.
The yaktaur wields a +0 arbalest.
The yaktaur shoots a bolt.
The bolt hits you!!
* * * LOW HITPOINT WARNING * * *
You take 30 damage, and have 25/93 hp.
MASSIVE DAMAGE!!
You now have 19/42 mp.
The minotaur throws a javelin.
The javelin pierces through you but does no damage.
The minotaur throws a javelin.
The javelin pierces through you!!
You die...

{{{{c. #({#....#.....
{{{{{c#####.{.))#..)##..
{{{{..)=÷.÷{{##)##.###..
§{{{{{.[{{{{.÷..##.# #..
{§..{{{{{{{..#.###.# #..
|).t..{{.).........# #..
#..((.†....##### #.<
#....(.....# ##.
#..@.......# ..
#.....[....# ###
#..........#
...##'###...# .... ).'
...# ......#..## ...#
...... .' ..... ##


You could see a minotaur and a yaktaur.

Vanquished Creatures
  An orc warlord (Orc:2)
  A minotaur (D:14)
  2 boulder beetles
  Harold (D:9)
  4 hydras
  A death knight (D:13)
  3 catoblepae (Lair:6)
  19 death yaks
  An orc high priest (Orc:2)
  A skeletal warrior (D:13)
  An orange crystal statue (D:12)
  Pikel (D:7)
  3 orc knights
  2 ugly things
  A deep elf mage (D:14)
  5 orc sorcerers
  2 manticores (Lair:6)
  3 oklob plants (Lair:5)
  4 cyclopes
  28 elephants
  3 centaur zombies
  4 black mambas
  A gargoyle (D:10)
  A molten gargoyle (Lair:6)
  9 cane toads
  5 kobold demonologists
  Maggie (D:8)
  8 komodo dragons
  7 yaktaurs (D:14)
  A hornet (D:12)
  5 trolls
  2 polar bears
  6 slime creatures
  4 dream sheep (Lair:6)
  15 blink frogs
  A vampire (D:13)
  6 wyverns
  2 shadows (D:10)
  A water elemental (D:14)
  91 yaks
  3 wraiths
  5 basilisks
  2 fire bats (Lair:6)
  A golden eye (shapeshifter) (D:13)
  2 wargs (Orc:1)
  A soldier ant (D:12)
  2 nagas (Lair:4)
  12 water moccasins
  46 orc warriors
  3 ice beasts
  2 black bears (Lair:5)
  An eye of draining (D:14)
  3 necrophages
  5 sky beasts
  3 phantoms
  8 ogres
  7 centaurs
  20 wolves
  A lemure (D:6)
  6 big kobolds
  2 gnoll sergeants
  18 bullfrogs
  2 troll zombies (D:10)
  A scorpion (D:9)
  9 killer bees
  16 wights
  9 howler monkeys
  9 electric eels
  A bullfrog zombie (D:7)
  7 jellies
  9 hounds
  29 orc priests
  5 bullfrog skeletons
  4 centaur skeletons
  38 orc wizards
  21 worker ants
  2 iguanas
  A killer bee zombie (D:6)
  4 ogre zombies (D:10)
  A hound zombie (D:11)
  A hound skeleton (D:10)
  A worker ant zombie (D:7)
  8 adders
  22 gnolls
  3 shadow imps
  2 white imps
  5 ufetubi
  5 oozes (D:11)
  4 adder skeletons
  An adder zombie (D:9)
  A worm (D:2)
  4 leopard geckos
  113 orcs
  4 ball pythons
  8 bats
  3 giant cockroaches
  3 goblins (D:1)
  5 hobgoblins
  2 jackals (D:10)
  5 quokkas
  5 frilled lizards
  A goblin skeleton (D:10)
  2 goblin zombies (D:10)
  A hobgoblin zombie (D:10)
  A jackal zombie (D:5)
  21 kobolds
  A leopard gecko skeleton (D:4)
  2 orc skeletons (D:10)
  12 orc zombies (D:10)
  A quokka zombie (D:5)
  5 rats
830 creatures vanquished.

Vanquished Creatures (collateral kills)
  A wyvern skeleton (D:10)
1 creature vanquished.

Vanquished Creatures (others)
  An orc wizard (Orc:1)
  79 fulminant prisms
  59 fungi
  95 plants
234 creatures vanquished.

Grand Total: 1065 creatures vanquished

Notes
Turn   | Place    | Note
-------+----------+-------------------------------------------
     0 | D:1      | jasper the Deep Elf Conjurer began the quest for the Orb.
     0 | D:1      | Reached XP level 1. HP: 10/10 MP: 6/6
   240 | D:1      | Reached XP level 2. HP: 15/15 MP: 6/8
   276 | D:1      | Learned a level 2 spell: Searing Ray
  1169 | D:2      | Reached XP level 3. HP: 19/19 MP: 6/9
  1396 | D:2      | Reached skill level 5 in Conjurations
  2009 | D:2      | Reached XP level 4. HP: 24/24 MP: 5/11
  2013 | D:2      | Learned a level 2 spell: Blink
  2018 | D:2      | Learned a level 4 spell: Fulminant Prism
  2796 | D:3      | Found a hazy altar of Hepliaklqana.
  3207 | D:3      | Found a sparkling altar of Nemelex Xobeh.
  3250 | D:3      | Reached XP level 5. HP: 17/28 MP: 5/13
  3468 | D:3      | Learned a level 3 spell: Mephitic Cloud
  3666 | D:4      | Found a bloodstained altar of Trog.
  3826 | D:4      | Found a runed translucent gate.
  3829 | D:4      | Found a runed translucent gate.
  3830 | D:4      | Found a runed translucent gate.
  3952 | D:4      | Reached skill level 6 in Conjurations
  4018 | D:4      | Reached XP level 6. HP: 32/32 MP: 10/14
  4068 | D:4      | Noticed tygod's ghost (amateur FeSu)
  4545 | D:5      | Entered Level 5 of the Dungeon
  4636 | D:5      | Reached skill level 5 in Spellcasting
  4848 | D:5      | Got a crude robe
  4859 | D:5      | Identified the cursed +0 robe "Sulo Ven" {rN+ Stlth+} (You
                  | found it on level 5 of the Dungeon)
  4984 | D:5      | Found an ornate altar of the Wu Jian Council.
  5002 | D:5      | Found Korhun's Gadget Boutique.
  5064 | D:5      | Learned a level 4 spell: Iskenderun's Mystic Blast
  5120 | D:5      | Found a glowing silver altar of Zin.
  5205 | D:6      | Noticed an ice beast
  5219 | D:6      | Killed an ice beast
  5219 | D:6      | Reached XP level 7. HP: 30/36 MP: 11/19
  5223 | D:6      | Learned a level 2 spell: Slow
  5338 | D:6      | Reached skill level 1 in Hexes
  5852 | D:6      | Reached skill level 5 in Hexes
  6008 | D:6      | Reached skill level 1 in Translocations
  6008 | D:6      | Reached XP level 8. HP: 42/42 MP: 10/20
  6183 | D:6      | Reached skill level 1 in Fighting
  6241 | D:6      | Found a glowing golden altar of the Shining One.
  6485 | D:6      | Reached skill level 5 in Dodging
  6847 | D:7      | Reached skill level 7 in Conjurations
  7154 | D:7      | Noticed Pikel
  7160 | D:7      | Killed Pikel
  7160 | D:7      | Reached skill level 8 in Conjurations
  7174 | D:7      | Reached XP level 9. HP: 49/49 MP: 10/21
  7464 | D:7      | Reached skill level 9 in Conjurations
  7786 | D:7      | You fall into a shaft and drop 3 floors!
  7786 | D:10     | Entered Level 10 of the Dungeon
  7786 | D:10     | Noticed a troll
  7797 | D:10     | Killed a troll
  7799 | D:10     | Noticed a death yak
  7803 | D:10     | Found a staircase to the Lair.
  7803 | D:10     | Noticed a death yak
  7803 | D:10     | Noticed a death yak
  7803 | D:10     | Noticed a death yak
  7803 | D:10     | Noticed a death yak
  7803 | D:10     | Noticed a death yak
  7803 | D:10     | Noticed a death yak
  7811 | D:10     | Found a portal to a secret trove of treasure.
  8036 | D:9      | Reached skill level 10 in Conjurations
  8238 | D:8      | Noticed Maggie
  8241 | D:8      | Found an opulent altar of Gozag.
  8458 | D:7      | Found a staircase to the Ecumenical Temple.
  8468 | Temple   | Entered the Ecumenical Temple
  8495 | Temple   | Became a worshipper of Vehumet
  8584 | D:7      | Reached XP level 10. HP: 58/58 MP: 15/22
  9750 | D:8      | Killed Maggie
  9750 | D:8      | Reached skill level 11 in Conjurations
  9900 | D:8      | Reached skill level 5 in Fighting
 10205 | D:8      | Got a glimmering leather armour
 10217 | D:8      | Identified the +3 leather armour of Cota {*Contam rCorr
                  | Int+7 SInv} (You found it on level 8 of the Dungeon)
 10597 | D:9      | Reached * piety under Vehumet
 10597 | D:9      | Offered knowledge of Freeze by Vehumet.
 11000 | D:9      | Noticed Harold
 11013 | D:9      | Killed Harold
 11126 | D:9      | HP: 2/59 [poisoned by a killer bee]
 11803 | D:9      | Found a sacrificial altar of Ru.
 11943 | D:10     | Killed a death yak
 11943 | D:10     | Reached skill level 12 in Conjurations
 11971 | D:10     | Killed a death yak
 11975 | D:10     | Killed a death yak
 11975 | D:10     | Reached XP level 11. HP: 35/64 MP: 0/23
 12229 | D:11     | Noticed a boulder beetle
 12272 | Lair:1   | Entered Level 1 of the Lair of Beasts
 12615 | Lair:1   | Reached skill level 10 in Dodging
 12830 | Lair:1   | You fall into a shaft and drop 1 floor!
 12904 | Lair:2   | Found a transporter.
 12910 | Lair:2   | Noticed Haxyobbu's ghost (journeyman MiFi)
 12911 | Lair:2   | Noticed a seven-headed hydra
 12961 | Lair:2   | Reached skill level 13 in Conjurations
 13096 | Lair:2   | Found a transporter.
 13167 | Lair:2   | Reached ** piety under Vehumet
 13359 | Lair:1   | Offered knowledge of Foxfire by Vehumet.
 13807 | Lair:2   | You fall into a shaft and drop 1 floor!
 14388 | Lair:2   | Reached skill level 14 in Conjurations
 14390 | Lair:2   | Offered knowledge of Static Discharge by Vehumet.
 14390 | Lair:2   | Reached skill level 1 in Evocations
 15131 | Lair:3   | Found a staircase to the Shoals.
 15140 | Lair:3   | Reached XP level 12. HP: 72/72 MP: 17/24
 15239 | Lair:3   | Noticed an eight-headed hydra
 15251 | Lair:3   | Killed an eight-headed hydra
 15823 | Lair:3   | Reached *** piety under Vehumet
 16168 | Lair:3   | Learned a level 5 spell: Fireball
 16816 | Lair:4   | Offered knowledge of Hailstorm by Vehumet.
 16822 | Lair:4   | Reached skill level 15 in Conjurations
 17142 | Lair:4   | Reached skill level 1 in Fire Magic
 17487 | Lair:4   | Reached **** piety under Vehumet
 17487 | Lair:4   | Reached skill level 5 in Evocations
 17488 | Lair:4   | Offered knowledge of Frozen Ramparts by Vehumet.
 17842 | Lair:4   | Found a staircase to the Snake Pit.
 18495 | Lair:5   | Reached XP level 13. HP: 78/78 MP: 23/25
 18931 | Lair:5   | Reached skill level 5 in Fire Magic
 19383 | Lair:5   | Reached ***** piety under Vehumet
 19542 | Lair:5   | Offered knowledge of Lightning Bolt by Vehumet.
 20254 | Lair:6   | Entered Level 6 of the Lair of Beasts
 22204 | D:10     | Found a staircase to the Orcish Mines.
 22505 | Orc:1    | Entered Level 1 of the Orcish Mines
 23616 | Orc:2    | Entered Level 2 of the Orcish Mines
 23790 | Orc:2    | Found a staircase to the Elven Halls.
 23905 | Orc:2    | Found a roughly hewn altar of Beogh.
 23996 | Orc:2    | Found Dias's Antique Weapon Boutique.
 24683 | Orc:2    | Reached XP level 14. HP: 86/86 MP: 6/26
 24980 | Orc:2    | Offered knowledge of Irradiate by Vehumet.
 24986 | Orc:2    | Noticed an orc warlord
 24990 | Orc:2    | Killed an orc warlord
 25300 | Orc:2    | Found Oggo Pidd's Antique Armour Boutique.
 25301 | Orc:2    | Found a roughly hewn altar of Beogh.
 25340 | Orc:2    | Found Ofeozxur's Antique Weapon Shop.
 25365 | Orc:2    | Bought a runed cloak for 232 gold pieces
 25483 | Orc:2    | Found a roughly hewn altar of Beogh.
 25671 | Orc:2    | Found a roughly hewn altar of Beogh.
 25676 | Orc:2    | Found a roughly hewn altar of Beogh.
 25805 | Orc:2    | Found a roughly hewn altar of Beogh.
 25910 | Orc:2    | Found a roughly hewn altar of Beogh.
 25912 | Orc:2    | Found Urphump's Weapon Shop.
 26272 | D:11     | Reached skill level 10 in Fire Magic
 27578 | D:11     | Found a roughly hewn altar of Beogh.
 28591 | Lair:6   | Offered knowledge of Orb of Destruction by Vehumet.
 28600 | Lair:6   | Reached skill level 10 in Fighting
 30492 | Lair:6   | Found a staircase to the Slime Pits.
 30638 | Lair:6   | Reached XP level 15. HP: 88/93 MP: 20/30
 30662 | Lair:6   | Learned a level 7 spell: Orb of Destruction
 30916 | Lair:6   | Identified the Almanac of Harmful Orientation
 31358 | D:12     | Reached skill level 10 in Spellcasting
 31367 | D:12     | Offered knowledge of Ozocubu's Refrigeration by Vehumet.
 31370 | D:12     | Identified the +0 robe of Tyliudgh {rC- Str+4 SInv}
 31520 | D:12     | Found a white marble altar of Elyvilon.
 32129 | D:12     | Found a gateway to a bazaar.
 32138 | Bazaar   | Entered a bazaar
 32167 | Bazaar   | Found Begir's Gadget Boutique.
 32178 | Bazaar   | Found Soyfio's Antique Weapon Shoppe.
 32186 | Bazaar   | Found Kacas's General Store.
 32197 | Bazaar   | Found Tymnier's Magic Scroll Boutique.
 32208 | Bazaar   | Found Xuazxouh's Antique Armour Emporium.
 32216 | Bazaar   | Bought a runed cloak for 195 gold pieces
 32216 | Bazaar   | Bought a pair of runed boots for 195 gold pieces
 32247 | Bazaar   | Bought a scroll of enchant armour for 127 gold pieces
 32247 | Bazaar   | Bought a scroll of teleportation for 51 gold pieces
 32247 | Bazaar   | Bought a scroll of teleportation for 51 gold pieces
 32258 | Bazaar   | Bought a potion of mutation for 72 gold pieces
 32258 | Bazaar   | Bought a potion of magic for 72 gold pieces
 32277 | Bazaar   | Bought a condenser vane (2/2) for 240 gold pieces
 32277 | Bazaar   | Bought a phantom mirror for 360 gold pieces
 32277 | Bazaar   | Bought a phantom mirror for 360 gold pieces
 32277 | Bazaar   | Bought a wand of acid (6) for 240 gold pieces
 33166 | D:14     | Offered knowledge of Yara's Violent Unravelling by Vehumet.
 33642 | D:14     | Identified the cursed +1 triple sword "Gunogott" {chaos,
                  | +Inv rPois rC+}
 33667 | D:14     | Hit by a javelin thrown by a minotaur

Illustrated notes

Levels and vault maps discovered:
D:1:      dpeg_arrival_connections, layout_basic, bh_walls_and_bars
D:2:      layout_basic, serial_curves, eino_curves_03, eino_curves_03
D:3:      layout_basic, lemuel_doored_altar, nemelex_xobeh_ov_fountains_minmay,
          grunt_ministairs_15, uniq_crazy_yiuf_cottage
D:4:      layout_loops_ring, old_standard_altar, gammafunk_ghost_icy,
          nrook_campfire
D:5:      layout_rooms, overflow_temple_1_default, zin_scriptorium,
          serial_shops, nicolae_shop_behind_doors
D:6:      layout_basic, lemuel_round_altar, minmay_misc_feat_ornament
D:7:      layout_basic, temple_pool_b, water_boxes_lemuel, uniq_pikel
D:8:      layout_loops_ring, kennysheep_little_box, uniq_maggie
D:9:      layout_stronghold, nicolae_ru_the_path_less_chosen, uniq_harold
D:10:     layout_long_grid, dpeg_lair_monsters, zombieorc1_lemuel, enter_trove_2
D:11:     layout_loops_ring, special_room [special_room_orc],
          hangedman_little_slice_of_home
D:12:     layout_long_grid, serial_shops, statue_bzr, elyvilon_altar_3
D:13:     layout_basic
D:14:     fort_yaktaur, layout_loops_ring, grunt_vaults_entry_fortified,
          lemuel_statue_altar, library_closet, minmay_mirror_moons_of_madness,
          uniq_louise
Temple:   dpeg_chambers_temple
Lair:1:   layout_roguey, grunt_megastairs_5
Lair:2:   layout_regular_city, gammafunk_ghost_arena, grunt_megastairs_3,
          infiniplex_staircase_pool
Lair:3:   layout_loops_ring, elwin_shoals_entry_rocks, beast_lair_carwin_11,
          serial_bayou_shore_a
Lair:4:   layout_regular_city, guppyfry_snake_entry_island,
          chequers_serial_rivers_micro_b, grunt_megastairs_2
Lair:5:   layout_gridlike, serial_bayou_ford_a, minmay_lair_oklob_chamber
Lair:6:   evilmike_catoblepas_cave, layout_gridlike, minmay_slime_entry_pillars,
          serial_bayou_shore_b
Orc:1:    layout_caves
Orc:2:    grunt_orc_community_town_hall, layout_caves,
          grunt_orc_community_big_house_2, grunt_orc_community_big_house_1,
          grunt_orc_community_house_2, grunt_orc_community_house_2,
          grunt_orc_community_house_2, grunt_orc_community_house_3,
          grunt_orc_community_house_2, portal_ice_cave_entry_pillars_2,
          basic_altar

Skill      XL: |  1  2  3  4  5  6  7  8  9 10 11 12 13 14 15 |
---------------+----------------------------------------------+-----
Stealth        | 3 4 |  4.7
Dodging        | 3 4 6 8 9 11 12 13 14 | 14.7
Conjurations   | 5 6 8 10 12 14 15 | 15.0
Spellcasting   | 4 6 7 9 12 | 12.0
Hexes          | 5 |  5.0
Translocations | 1 2 |  2.0
Fighting       | 2 4 6 7 8 9 10 | 10.4
Evocations     | 1 5 6 |  6.0
Fire Magic     | 4 9 12 13 | 13.7

Action                   |  1- 3 |  4- 6 |  7- 9 | 10-12 | 13-15 || total
-------------------------+-------+-------+-------+-------+-------++-------
Melee: Staff             |       |       |       |       |    15 ||    15
 Fire: Hunting sling     |     3 |    17 |    10 |    45 |       ||    75
 Cast: Magic Dart        |    55 |    39 |    62 |   110 |    23 ||   289
       Searing Ray       |    10 |    33 |    46 |   102 |    42 ||   233
       Fulminant Prism   |       |       |    14 |    49 |    16 ||    79
       Fireball          |       |       |       |    36 |   519 ||   555
       Iskenderun's Myst |       |       |       |     6 |    24 ||    30
       Slow              |       |       |       |       |     2 ||     2
       Mephitic Cloud    |       |       |       |       |     2 ||     2
       Orb of Destructio |       |       |       |       |     2 ||     2
Evoke: Box of beasts     |       |       |       |     3 |       ||     3
       Wand              |       |       |       |     7 |     2 ||     9
       Tin of tremorston |       |       |       |     3 |     3 ||     6
  Use: Scroll            |       |       |    18 |     6 |    11 ||    35
       Potion            |       |       |       |     1 |       ||     1
Armor: Robe              |     1 |     2 |       |     1 |       ||     4
       Leather armour    |       |       |       |    27 |    33 ||    60
Dodge: Dodged            |     7 |    14 |    27 |   167 |   122 ||   337
Block: Other             |       |       |       |    26 |    18 ||    44
       Reflection        |       |       |       |       |     4 ||     4

Table legend: (Time is in decaauts)
 A = Elapsed time spent in this place.
 B = Non-inter-level travel time spent in this place.
 C = Inter-level travel time spent in this place.
 D = Time resting spent in this place.
 E = Time spent auto-exploring this place.
 F = Levels seen in this place.
 G = Mean time per level.
                   A        B        C        D        E       F      G
               +--------+--------+--------+--------+--------+-----+--------+
         Total |  33760 |  32338 |   1422 |   6465 |  21633 |  24 | 1406.7 |
       Dungeon |  18939 |  18273 |    666 |   3479 |  12434 |  14 | 1352.8 |
        Temple |     35 |     28 |      7 |      0 |     17 |   1 |   35.0 |
          Lair |  11483 |  10809 |    674 |   2326 |   7184 |   6 | 1913.8 |
  Orcish Mines |   3147 |   3073 |     74 |    660 |   1921 |   2 | 1573.5 |
        Bazaar |    154 |    154 |      0 |      0 |     77 |   1 |  154.0 |
               +--------+--------+--------+--------+--------+-----+--------+

Top non-repeatable levels by time:
    D:10: 2804 daAuts
  Lair:5: 2586 daAuts
   Orc:2: 2277 daAuts
     D:9: 1996 daAuts
  Lair:6: 1943 daAuts
    D:11: 1940 daAuts
     D:6: 1904 daAuts
  Lair:3: 1841 daAuts
  Lair:1: 1732 daAuts
  Lair:4: 1704 daAuts
  Lair:2: 1675 daAuts
     D:2: 1611 daAuts
     D:7: 1467 daAuts
     D:8: 1438 daAuts
     D:1: 1111 daAuts
